[Event "Memorial Ukrainian Chess Warriors 2024"]
[Site "Lviv"]
[Date "2024.03.15"]
[Round "4.26"]
[White "Molchanov, Roman"]
[Black "Pastukhov, Igor"]
[Result "1-0"]
[ECO "C54"]
[WhiteElo "1654"]
[BlackElo "2125"]
[Annotator "RC"]
[PlyCount "71"]
[EventDate "2024.03.06"]
[EventType "swiss"]
[EventCountry "UKR"]
[SourceTitle "playchess.com"]
[Source "ChessBase"]
[SourceQuality "1"]
[TimeControl "600+5"]

1. e4 e5 2. Nf3 Nc6 3. Bc4 Bc5 4. c3 Nf6 5. d3 d6 6. Nbd2 a5 7. O-O O-O 8. h3 Ba7 9. Re1 Ne7 10. Nf1 Ng6 11. Ng3 c6 12. d4 exd4 13. cxd4 d5 14. exd5 Nxd5 15. Bg5 f6 16. Bd2 Kh8 17. h4 Ngf4 18. Bxd5 Nxd5 19. h5 Bg4 20. h6 g6 21. Be3 Re8 22. Rc1 Qd6 23. Ng5 Qxg3 24. fxg3 Bxd1 25. Nf7+ Kg8 26. Nd6 Rxe3 27. Rexd1 Re2 28. Nxb7 Rb8 29. Nxa5 Rbxb2 30. Nc4 Rxg2+ 31. Kh1 Rxa2 32. Ra1 Kf7 33. Re1 Bxd4 34. Rxa2 Rxa2 35. Nd6+ Kf8 36. Re8# 1-0

[Event "Memorial Ukrainian Chess Warriors 2024"]
[Site "Lviv"]
[Date "2024.03.15"]
[Round "4.27"]
[White "Medvedyk, Vasyl"]
[Black "Dankulynets, Yulia"]
[Result "1-0"]
[ECO "B20"]
[WhiteElo "1957"]
[BlackElo "1782"]
[Annotator "RC"]
[PlyCount "109"]
[EventDate "2024.03.06"]
[EventType "swiss"]
[EventCountry "UKR"]
[SourceTitle "playchess.com"]
[Source "ChessBase"]
[SourceQuality "1"]
[TimeControl "600+5"]

1. e4 c5 2. a3 d6 3. b4 cxb4 4. axb4 Nf6 5. Nc3 g6 6. Rb1 Bg7 7. Nge2 O-O 8. g3 a6 9. Bg2 Nc6 10. O-O e5 11. d3 Be6 12. Bg5 h6 13. Bxf6 Bxf6 14. b5 Ne7 15. Nd5 Bg7 16. Nxe7+ Qxe7 17. c4 f5 18. bxa6 bxa6 19. exf5 gxf5 20. Bxa8 Rxa8 21. Qa4 f4 22. Qc6 Rc8 23. Qe4 Qg5 24. Rb7 Rf8 25. Rfb1 fxg3 26. hxg3 Qh5 27. Rb8 Bf7 28. Rxf8+ Bxf8 29. Nc3 Qg5 30. Nd5 Bg6 31. Qf3 Bg7 32. Rb8+ Kh7 33. Rb7 Kg8 34. Ne7+ Kh7 35. Nxg6 Qxg6 36. Qe4 Qxe4 37. dxe4 Kg6 38. Rb6 Bf8 39. Rxa6 Kf7 40. Kg2 Ke6 41. c5 Kd7 42. c6+ Kc7 43. Ra8 Be7 44. Ra7+ Kd8 45. Kf3 Bg5 46. Kg4 Bd2 47. f3 Bb4 48. Kf5 Bc5 49. Rd7+ Kc8 50. Kg6 Be3 51. Rxd6 Kc7 52. Re6 Bf2 53. g4 Be3 54. Kf5 Bd4 55. Rxe5 1-0

[Event "Memorial Ukrainian Chess Warriors 2024"]
[Site "Lviv"]
[Date "2024.03.15"]
[Round "5.1"]
[White "Mosesov, Danyil"]
[Black "Kravtsiv, Martyn"]
[Result "1-0"]
[ECO "A14"]
[WhiteElo "2453"]
[BlackElo "2598"]
[Annotator "TA"]
[PlyCount "68"]
[EventDate "2024.03.06"]
[EventType "swiss"]
[EventCountry "UKR"]
[SourceTitle "playchess.com"]
[Source "ChessBase"]
[SourceQuality "1"]
[TimeControl "600+5"]

1. Nf3 d5 2. c4 e6 3. g3 Nf6 4. Bg2 Be7 5. O-O O-O 6. b3 d4 7. e3 c5 8. Ne5 {[%emt 0:01:07] Against Nc6} Qc7 9. f4 Bd6 {[%emt 0:01:11] The position is equal.} 10. exd4 cxd4 11. Na3 a6 {[%emt 0:00:35][%cal Ob8c6] Repels Nb5} 12. Nd3 Nbd7 13. Bb2 e5 {[%emt 0:01:05] [#]} 14. c5 $1 Nxc5 15. Nxe5 Bxe5 16. fxe5 Ng4 (16... Bg4 $16 17. Qc2 Qxe5) 17. Rc1 $36 {[%emt 0:00:58][%mdl 2048] White is really pushing.} Qxe5 18. Nc4 Qg5 (18... Qh5 $16 19. h3 Nd3) 19. Ba3 (19. Bxd4 Rd8 20. Qf3 Be6 $16 (20... Rxd4 21. Qxf7+ Kh8 22. Qf8#) (20... Qh5 $2 21. h3 $18)) 19... Be6 20. Nb6 Nd3 21. Nxa8 Rxa8 22. Rc7 (22. Bxb7 Qh5 23. h4 Rd8 $11) 22... Qa5 {[%emt 0:00:33] [#]} 23. Qc2 {[%emt 0:00:18][%cal Of1f7] Hoping for Rfxf7!} (23. Rxb7 Qxa3 $11) (23. Bxb7 Rd8 24. Rc6 (24. Qc2 Qh5 $15) 24... Ngf2 (24... Qxa3 25. Rxe6 fxe6 26. Qxg4 $16) 25. Rxf2 (25. Rxa6 $2 Qb5 $19) 25... Nxf2 26. Kxf2 Qxa3 27. Rxa6 Qc5 $11) 23... Nde5 24. Bd6 {[%emt 0:00:15][%cal Oc7c5] And now Rc5! would win. This pair of bishops is nice.} (24. Bxb7 $6 Re8 $18) 24... Rd8 (24... d3 $142 25. Qc3 (25. Qc5 Qxd2 26. Rc1 Ng6 $17) 25... Qxc3 26. Rxc3 Nc6 27. Bxc6 (27. Rxd3 a5 $18) 27... bxc6 28. Rxc6 (28. Rxd3 h5 $18) 28... Nf6) 25. Rc5 Qb4 (25... d3 26. Qc1 (26. Rxa5 dxc2 27. Bxe5 b6 $18) 26... Qb4 (26... Qb6 $2 27. Bc7 $18)) 26. Bxe5 {[%emt 0:00:09] White is clearly winning.} b6 27. Bc7 Rc8 {[%emt 0:00:07] [#]} 28. Bxb6 $1 Re8 29. Ba5 Qb8 30. Rc7 h5 31. Qc6 d3 32. Rb7 Qa8 33. Rb4 Qxc6 34. Bxc6 Rc8 {[%emt 0:00:00] White took control after the opening.   Weighted Error Value: White=0.04 (flawless) /Black=0.56.  Mistake:       	---       	Black=4      Inaccurate:     	---       	Black=3      OK:         	White=11    	Black=4} 1-0

[Event "Memorial Ukrainian Chess Warriors 2024"]
[Site "Lviv"]
[Date "2024.03.15"]
[Round "5.2"]
[White "Grinev, Valeriy"]
[Black "Dubnevych, Maksym"]
[Result "0-1"]
[ECO "D35"]
[WhiteElo "2422"]
[BlackElo "2293"]
[Annotator "TA"]
[PlyCount "66"]
[EventDate "2024.03.06"]
[EventType "swiss"]
[EventCountry "UKR"]
[SourceTitle "playchess.com"]
[Source "ChessBase"]
[SourceQuality "1"]
[TimeControl "600+5"]

1. d4 Nf6 2. c4 e6 3. Nc3 d5 4. cxd5 exd5 5. Bg5 c6 6. e3 h6 7. Bh4 a5 8. Bd3 Na6 9. a3 Nc7 {White is slightly better.} 10. Nge2 Bd6 11. Qc2 O-O 12. h3 Ne6 13. O-O Re8 14. f3 Ng5 15. f4 Nxh3+ 16. gxh3 Rxe3 17. Ng3 {Hoping for Rae1.} g5 18. Nd1 $2 {[#] Black continues to play with concentration.} (18. fxg5 $11 Bxg3 19. Nd1 Rxd3 20. Qxd3 Bxh4 21. gxf6) 18... Rxd3 $17 ({Resist} 18... gxh4 19. Nxe3 hxg3 20. Rf3 $11) 19. Qxd3 gxh4 20. Nf5 (20. Ne2 {might work better.}) 20... Bxf5 $19 21. Qxf5 Ne4 {aiming for ...Ng3.} 22. Ne3 Ng3 23. Qg4+ Kh8 24. Nf5 Qf6 {Inhibits Qg7+.} 25. Nxd6 {[#]} (25. Qxh4 Qxf5 (25... Nxf5 $2 {too greedy.} 26. Qxf6+ Ng7 27. Qxh6+ Kg8 28. Qxd6 $18) (25... Qxh4 $2 26. Nxh4 Nxf1 27. Nf5 $19) 26. Qxh6+ Kg8 27. Qxd6 Nxf1 (27... Qxh3 $2 28. Qe7 $19) 28. Rxf1) 25... Rg8 26. Nxf7+ Qxf7 27. Qf3 Nxf1+ 28. Kxf1 {KQR-KQR} Rg3 29. Qf2 Qf5 30. Rd1 Qxh3+ {Black mates.} 31. Ke1 Rg2 32. Rd3 Qh1+ 33. Qf1 Rg1 {Weighted Error Value: White=0.93/Black=0.06 (flawless) .  Mistake:       	White=3     	---        Inaccurate:     	White=4     	---        OK:         	White=4     	Black=10     Best:        	---       	Black=3} 0-1

[Event "Memorial Ukrainian Chess Warriors 2024"]
[Site "Lviv"]
[Date "2024.03.15"]
[Round "5.3"]
[White "Alexikov, Alexander"]
[Black "Kislinsky, Alexey"]
[Result "0-1"]
[ECO "B51"]
[WhiteElo "2183"]
[BlackElo "2361"]
[Annotator "TA"]
[PlyCount "27"]
[EventDate "2024.03.06"]
[EventType "swiss"]
[EventCountry "UKR"]
[SourceTitle "playchess.com"]
[Source "ChessBase"]
[SourceQuality "1"]
[TimeControl "600+5"]

1. e4 c5 2. Nf3 d6 3. Bb5+ Nc6 4. O-O Bd7 5. c3 Nf6 6. Re1 a6 7. Ba4 e5 8. h3 b5 9. Bc2 g5 10. d4 g4 11. hxg4 Nxg4 12. a4 Rb8 13. axb5 axb5 14. Ra6 {[%emt 0:00:50][%mdl 32768] Weighted Error Value: White=0.00 (flawless) /Black=0.22 (precise) .  Mistake:       	White=1     	---        Inaccurate:     	---       	Black=1      OK:         	White=3     	---       . Loss on time!?} ({White should play} 14. Bg5 $16 Be7 15. Bxe7 Qxe7 16. d5) 0-1

[Event "Memorial Ukrainian Chess Warriors 2024"]
[Site "Lviv"]
[Date "2024.03.15"]
[Round "5.4"]
[White "Sakun, Volodymyr"]
[Black "Mikhaletz, Lubomir"]
[Result "1/2-1/2"]
[ECO "B40"]
[WhiteElo "2301"]
[BlackElo "2278"]
[Annotator "TA"]
[PlyCount "70"]
[EventDate "2024.03.06"]
[EventType "swiss"]
[EventCountry "UKR"]
[SourceTitle "playchess.com"]
[Source "ChessBase"]
[SourceQuality "1"]
[TimeControl "600+5"]

1. e4 c5 2. Nf3 e6 3. c3 d5 4. exd5 exd5 5. d4 Nf6 6. Be2 Nc6 7. O-O Be7 8. dxc5 Bxc5 9. Bg5 Be6 10. Nbd2 O-O 11. Nb3 Bb6 {[%emt 0:00:37] The position is equal.} 12. Nfd4 Re8 13. Bf3 Rc8 14. Re1 h6 15. Bh4 g5 16. Bg3 Qd7 17. h3 (17. a4 {feels hotter.} Bg4 18. Rxe8+ Rxe8 19. Nxc6 bxc6 20. Bxg4 Nxg4 21. a5) 17... Ne4 18. Bxe4 (18. Nxe6 {looks sharper.} Qxe6 19. c4 Qg6 20. c5) 18... dxe4 19. Rxe4 {[%emt 0:00:27] Black should prevent Nxe6.} Bxb3 20. Rxe8+ Rxe8 21. Nxb3 ({Reject} 21. axb3 Nxd4 22. Kh2 f5 $15) 21... Qxd1+ 22. Rxd1 f5 23. Kf1 f4 24. Bh2 Ne5 25. Nd4 Rd8 26. Ke2 Re8 27. Kf1 Rd8 $1 28. Ke2 Re8 29. Kf1 Rd8 $1 30. Ke2 Re8 31. Kd2 Nc4+ 32. Kc2 Bxd4 33. cxd4 ({White should try} 33. Rxd4 $14 Re2+ 34. Kd3 Rxf2 35. Kxc4) 33... Re2+ $2 {[%emt 0:00:00][%mdl 8192] [#]} (33... Rc8 $11 {and Black stays safe.} 34. Kb1 Re8) 34. Kd3 $18 Rxf2 35. Kxc4 Rxb2 {[%emt 0:00:00][%mdl 32768] Weighted Error Value: White=0.12 (very precise) /Black=0.31.  Loses game:     	---       	Black=1      Mistake:       	White=1     	---        Inaccurate:     	White=4     	Black=3      OK:         	White=7     	Black=5      Best:        	White=2     	Black=5      Strong:       	---       	Black=2     . An unexpected result.} 1/2-1/2

[Event "Memorial Ukrainian Chess Warriors 2024"]
[Site "Lviv"]
[Date "2024.03.15"]
[Round "5.5"]
[White "Lornye, Pylyp"]
[Black "Dehtiarov, Roman"]
[Result "0-1"]
[ECO "A06"]
[WhiteElo "2147"]
[BlackElo "2319"]
[Annotator "TA"]
[PlyCount "86"]
[EventDate "2024.03.06"]
[EventType "swiss"]
[EventCountry "UKR"]
[SourceTitle "playchess.com"]
[Source "ChessBase"]
[SourceQuality "1"]
[TimeControl "600+5"]

1. Nf3 d5 2. g3 Bg4 3. Bg2 e6 4. h3 Bxf3 5. Bxf3 Nf6 6. c4 Nbd7 7. O-O c6 8. cxd5 exd5 9. d3 Bd6 10. Nc3 O-O 11. e4 dxe4 12. dxe4 Qe7 13. Qc2 Rfe8 {[%emt 0:00:05] The position is equal.} 14. Bg2 Bb4 15. Re1 Rad8 16. Be3 Nb6 17. a3 Bc5 {[%emt 0:01:18] [#]} 18. Nd5 $1 cxd5 19. Bxc5 Qc7 20. exd5 {[%emt 0:00:09] d6 would now be deadly.} Rxe1+ 21. Rxe1 Nbd7 22. Rc1 $1 {[%emt 0:00:55] Black must now prevent Be7.} Rc8 23. b4 (23. Qf5 $1 $16) 23... b6 $1 $17 {[%emt 0:00:07] White is on the road to losing.} 24. d6 Qb8 25. Qf5 (25. Rb1 $142 bxc5 26. bxc5 Qxd6 27. c6) 25... bxc5 $19 26. bxc5 {[%emt 0:00:01] [#] Threatens to win with Rb1.} Qb5 27. a4 {[%emt 0:00:31] [#]} (27. Qb1 {keeps fighting.} Qxb1 (27... Rxc5 $2 28. Qxb5 Rxb5 29. Rc8+ Nf8 30. Ra8 $19) 28. Rxb1 Nxc5 (28... Rxc5 $2 29. Rb7 $19) 29. Rc1) 27... Qa5 $1 (27... Qxa4 28. c6 $11) (27... Rxc5 28. axb5 Rxf5 29. Rc8+ Nf8 30. Bc6 $11) 28. Rb1 Qxc5 ({Less strong is} 28... Qxa4 29. c6 Rxc6 30. Bxc6 Qxc6 31. Qa5 $17) 29. Qd3 (29. Qxc5 $142 Nxc5 (29... Rxc5 $2 30. Rb7 $19) 30. Rc1) 29... h6 30. Rb7 Ne5 31. Qd2 Nc4 32. Qc3 Qxd6 ({Much less strong is} 32... Nxd6 33. Qxc5 Rxc5 34. Rxa7 $19) 33. Rxa7 Nb6 34. Qb3 (34. Qe1 Qc5 35. Qd1) 34... Nbd5 $2 (34... Rc1+ 35. Kh2 Nc4) 35. a5 $2 (35. Kh2 {was called for.}) 35... Rb8 $2 (35... Rc1+ $19 36. Kh2 Qc5) 36. Qa2 $2 (36. Rb7 $11 Re8 37. a6) 36... Qc5 37. Ra6 Qc1+ 38. Kh2 {[%emt 0:00:00] [#]} Rb1 $1 39. Ra8+ (39. Qxb1 Qxb1) 39... Kh7 40. h4 Rb2 {[%emt 0:00:04] Black mates.} 41. Qa4 h5 42. Be4+ g6 43. Bxd5 Ng4+ {[%emt 0:00:04] Weighted Error Value: White=1.10/Black=0.43.  Loses game:     	White=1     	---        Mistake:       	White=6     	Black=1      Inaccurate:     	---       	Black=2      OK:         	White=5     	Black=11     Best:        	White=1     	Black=2      Strong:       	White=1     	Black=2} ({Worse is} 43... Nxd5 44. Qd4 f6 45. Rd8 $11) 0-1

[Event "Memorial Ukrainian Chess Warriors 2024"]
[Site "Lviv"]
[Date "2024.03.15"]
[Round "5.6"]
[White "Pavlov, Sergey"]
[Black "Bagiryan, Vigen"]
[Result "1-0"]
[ECO "A21"]
[WhiteElo "2451"]
[BlackElo "1969"]
[Annotator "TA"]
[PlyCount "117"]
[EventDate "2024.03.06"]
[EventType "swiss"]
[EventCountry "UKR"]
[SourceTitle "playchess.com"]
[Source "ChessBase"]
[SourceQuality "1"]
[TimeControl "600+5"]

1. c4 e5 2. Nc3 d6 3. e3 g6 4. d4 Bg7 5. Nf3 Nc6 6. Be2 Nh6 7. d5 Nb8 8. e4 f6 9. h3 {[%emt 0:00:32] Weiß steht besser.} Nf7 10. h4 h5 11. Rb1 a5 12. a3 c5 (12... O-O $14) 13. b4 (13. Nd2 $16) 13... axb4 $11 14. axb4 b6 (14... Na6 $11) 15. O-O ({Vorzuziehen ist} 15. b5 $14) 15... O-O (15... Na6 $11 {war vorzuziehen.}) 16. bxc5 bxc5 17. Nb5 Na6 18. Bd2 Bg4 19. Ra1 Qd7 20. Qc2 {[%emt 0:00:30] Weiß steht aktiver.} (20. Nh2 $14 Bxe2 21. Qxe2) 20... Nc7 21. Nc3 Rfb8 22. Rfb1 Kh7 23. Rxa8 Rxa8 24. Nd1 (24. Rb7 {ist vielschichtiger.} Nd8 25. Rb3 Ra1+ 26. Kh2) 24... Nd8 {[%emt 0:00:53] [#]} (24... Bh6 $11) 25. Ne3 $1 $16 {[%emt 0:00:02] Schwarz muss nun Nxg4 beachten.} Bxf3 26. Bxf3 Qa4 (26... Bh6 $16 {war einen Versuch wert.}) 27. Qxa4 $18 Rxa4 {[%emt 0:00:00] [#] Schwarz ist schwach auf den weissen Feldern} 28. Rb8 ({Günstiger ist} 28. g4 $1 $18) 28... Ra8 $16 29. Rb6 Bf8 30. g3 Be7 31. Kf1 Ra6 32. Rb8 Ra8 33. Rxa8 Nxa8 34. Bd1 Nb6 35. Ba5 Nd7 36. Ba4 Nf8 37. Nc2 g5 (37... Nf7 $16 {war angesagt.} 38. Bc7 f5 39. exf5 gxf5) 38. hxg5 fxg5 39. Ne3 Nb7 (39... Nf7 {kämpft weiter.} 40. Nf5 Bd8) 40. Bc7 $18 Bd8 41. Bb8 Ng6 42. Nf5 (42. Bc6 Na5 43. Bxd6 Nb3 $18) 42... Be7 $2 (42... Na5 43. Nxd6 Be7) 43. Bc6 Na5 44. Be8 (44. Bxd6 Bxd6 45. Nxd6 Kg7 $18) 44... Bf8 45. Bb5 (45. Bxd6 Bxd6 46. Nxd6 Kg7 $18) 45... Nb3 46. f3 (46. Bxd6 Nd2+ 47. Kg2 Nxe4) 46... g4 (46... Nd4 {ist wohl besser.} 47. Nxd6 Nxf3) 47. Kf2 (47. Nxd6 Bxd6 48. Bxd6 h4 $18) (47. Bxd6 gxf3 (47... Bxd6 $2 48. Nxd6 gxf3 49. Nb7 $18) 48. Bc7 Ne7 $16) (47. fxg4 $142 hxg4 48. Ke1 (48. Nxd6 Bxd6 49. Bxd6 Nd2+ 50. Ke1 Nxe4 $18) (48. Bxd6 Bxd6 49. Nxd6 Na5 $18)) 47... Nd2 48. fxg4 {[%emt 0:00:05] Ke3 wäre nun fies.} ({Nicht} 48. Nxd6 Bxd6 49. Bxd6 gxf3 $16) 48... hxg4 $2 (48... Ne7 {ist eine bessere Verteidigung.} 49. Nxd6 Nxd5) 49. Ke3 (49. Nxd6 $2 {geht unter.} Bxd6 50. Ke3 (50. Bxd6 $2 {ist das falsche Schlagen.} Nxe4+ 51. Kg1 Nxd6 $19) 50... Bxb8 $19) 49... Nf3 50. Bxd6 Bxd6 51. Nxd6 {[%emt 0:00:01][%mdl 4096] Endspiel. KBN-KNN} Nd4 52. Nb7 Nb3 53. Ba4 Nd4 54. Nxc5 Kg7 55. Nb3 Nc2+ 56. Kd2 Nb4 57. c5 Kf6 58. c6 Ke7 59. c7 {[%emt 0:00:05] Gewichteter Fehlerwert: Weiß=0.31/Schwarz=0.54.  Fehler:       	Weiß=5     	Schwarz=10    Ungenau:       	Weiß=3     	Schwarz=4     OK:         	Weiß=15    	Schwarz=9     Bester:       	Weiß=1     	Schwarz=1     Stark:        	Weiß=1     	---} 1-0

[Event "Memorial Ukrainian Chess Warriors 2024"]
[Site "Lviv"]
[Date "2024.03.15"]
[Round "5.7"]
[White "Fainkihen, Efim"]
[Black "Petursson, Margeir"]
[Result "0-1"]
[ECO "B27"]
[WhiteElo "1976"]
[BlackElo "2344"]
[Annotator "TA"]
[PlyCount "87"]
[EventDate "2024.03.06"]
[EventType "swiss"]
[EventCountry "UKR"]
[SourceTitle "playchess.com"]
[Source "ChessBase"]
[SourceQuality "1"]
[TimeControl "600+5"]

1. e4 c5 2. Nf3 g6 3. c3 d5 4. e5 a6 5. d4 Nc6 6. h3 Bg7 7. Bd3 f6 8. Bf4 {[%emt 0:00:56] The position is equal.} ({Reject} 8. dxc5 fxe5 9. Bc2 Nf6 $17) 8... fxe5 9. dxe5 Nh6 10. O-O O-O 11. Qd2 Nf7 (11... Bf5 $5 12. Bxf5 Nxf5 $15) 12. Re1 e6 ({Black should try} 12... Qb6 $11) 13. h4 Qc7 14. Qe2 (14. Qe3 $11) 14... Nh6 (14... c4 $15 {should be considered.} 15. Bc2 Qb6) 15. g3 Ng4 16. Nbd2 (16. Bc2 $11 {keeps the balance.}) 16... Bd7 $2 {[%emt 0:00:31] Black is more active.} (16... Rxf4 $1 $17 17. gxf4 Qf7) 17. Nf1 Rf7 $2 (17... c4 $1 $11 {and Black is okay.} 18. Bc2 Qb6) 18. N1h2 ({White has to play} 18. Ng5 $18 Ngxe5 19. Nxf7 Kxf7 20. h5) 18... Nxh2 $14 19. Nxh2 (19. Kxh2 $14 {is the one way to stay ahead.} Raf8 20. Qd2) 19... Raf8 $17 20. Qe3 Ne7 (20... Rxf4 $17 21. gxf4 Bh6) 21. Ng4 $11 {[%emt 0:00:54][%cal Og4f6] Hoping for Nf6+!} Nf5 (21... Rxf4 $11 {remains equal.} 22. gxf4 h5) 22. Bxf5 $16 (22. Nf6+ Bxf6 23. exf6 Nxe3 $11) 22... Rxf5 {[%emt 0:00:03] [#]} 23. Nf6+ Bxf6 $11 24. exf6 Rxf4 25. gxf4 Rxf6 26. Qe5 Qxe5 27. fxe5 {[%emt 0:00:18][%mdl 4096] Endgame. KRR-KRB} Rf4 28. Kg2 Rxh4 29. Kg3 {[%emt 0:00:07] Wards off h5} Rh5 30. f4 {[%emt 0:00:24] Repels Rg5+} Rf5 31. Kg4 h5+ 32. Kg3 Bb5 33. Rad1 Kf7 34. b3 Ke7 35. Rg1 {[%emt 0:00:31] [#]} (35. Rd2 $11) 35... g5 $1 $17 36. fxg5 Rxg5+ 37. Kh4 Rxe5 38. Rg7+ Kf6 39. Rxb7 Re4+ 40. Kg3 Re3+ 41. Kf4 Rxc3 42. Rb6 {[%emt 0:00:01] [#]} (42. Re1 $142) 42... Bd3 $1 $19 43. Rh1 $2 (43. Re1 Be4 44. Rxe4 dxe4 45. Kxe4) 43... Be2 44. Rh2 {Weighted Error Value: White=0.52/Black=0.27 (precise) .  Loses game:     	---       	Black=1      Mistake:       	White=8     	Black=5      Inaccurate:     	White=5     	Black=4      OK:         	White=13    	Black=13     Best:        	White=1     	Black=4      Strong:       	---       	Black=2} 0-1

[Event "Memorial Ukrainian Chess Warriors 2024"]
[Site "Lviv"]
[Date "2024.03.15"]
[Round "5.8"]
[White "Starozhilov, Leonid"]
[Black "Bykovskiy, Oleg"]
[Result "1/2-1/2"]
[ECO "C01"]
[WhiteElo "2285"]
[BlackElo "2231"]
[Annotator "TA"]
[PlyCount "26"]
[EventDate "2024.03.06"]
[EventType "swiss"]
[EventCountry "UKR"]
[SourceTitle "playchess.com"]
[Source "ChessBase"]
[SourceQuality "1"]
[TimeControl "600+5"]

1. e4 e6 2. d4 d5 3. exd5 exd5 4. Bd3 Nf6 5. Ne2 Bd6 6. Bf4 O-O 7. O-O Bg4 {[%emt 0:00:33] [#] aiming for ...Bxf4. The position is equal.} 8. f3 Bh5 9. Nbc3 c6 10. Qd2 Bg6 11. Bxg6 hxg6 12. Bxd6 Qxd6 13. Qf4 Qxf4 {[%emt 0:00:02] Not much happened in this game.   Weighted Error Value: White=0.06 (flawless) /Black=0.05 (flawless) .  OK:         	White=2     	Black=1} 1/2-1/2

[Event "Memorial Ukrainian Chess Warriors 2024"]
[Site "Lviv"]
[Date "2024.03.15"]
[Round "5.11"]
[White "Terletsky, Oleg A."]
[Black "Petrov, Vladimir Sergeev"]
[Result "1-0"]
[ECO "B03"]
[WhiteElo "2036"]
[BlackElo "2349"]
[Annotator "TA"]
[PlyCount "49"]
[EventDate "2024.03.06"]
[EventType "swiss"]
[EventCountry "UKR"]
[SourceTitle "playchess.com"]
[Source "ChessBase"]
[SourceQuality "1"]
[TimeControl "600+5"]

1. e4 Nf6 2. e5 Nd5 3. c4 Nb6 4. d4 d6 5. exd6 exd6 6. Nc3 Be7 7. Be3 O-O 8. Qc2 Nc6 9. O-O-O d5 ({Black should try} 9... Nb4 $11 10. Qb3 Nc6) 10. c5 $14 {[%emt 0:00:25] White is slightly better.} Nc4 ({Much worse is} 10... Nb4 $6 11. Qb3 $18) 11. Bxc4 (11. Nxd5 $5 Nxe3 12. Nxe3 $16) 11... dxc4 12. Qa4 {[%emt 0:00:42] Repels Nb4} Bg5 (12... Rb8 $11) 13. Nf3 $16 Bxe3+ 14. fxe3 Re8 15. Rhe1 {[%emt 0:00:16] White is more active.} (15. e4 $16) 15... Bg4 $14 16. Qxc4 Bxf3 (16... Qf6 $1 $14) 17. gxf3 $16 Qh4 18. a3 Na5 ({Black should play} 18... Rad8) 19. Qb5 b6 20. c6 a6 {[%emt 0:00:15] [#]} 21. Qa4 Rad8 22. Kb1 Qxh2 23. d5 Qf2 $2 (23... Qg3 $16) 24. Qf4 $18 {[%emt 0:00:11][%cal Oe1e2] aiming for Re2!} Nb3 25. Re2 {[%emt 0:00:10] Prevents Nd2+.   Weighted Error Value: White=0.13 (very precise) /Black=0.58.  Loses game:     	---       	Black=1      Mistake:       	White=1     	Black=4      Inaccurate:     	White=2     	Black=1      OK:         	White=6     	Black=5      Best:        	White=2     	Black=1} 1-0

[Event "Memorial Ukrainian Chess Warriors 2024"]
[Site "Lviv"]
[Date "2024.03.15"]
[Round "5.12"]
[White "Tarleva, Vira"]
[Black "Trushko, Andrii"]
[Result "1/2-1/2"]
[ECO "B13"]
[WhiteElo "2030"]
[BlackElo "2050"]
[Annotator "RC"]
[PlyCount "92"]
[EventDate "2024.03.06"]
[EventType "swiss"]
[EventCountry "UKR"]
[SourceTitle "playchess.com"]
[Source "ChessBase"]
[SourceQuality "1"]
[TimeControl "600+5"]

1. e4 c6 2. d4 d5 3. exd5 cxd5 4. Bd3 Nf6 5. c3 Nc6 6. Bf4 g6 7. Nf3 Bf5 8. O-O Bg7 9. Re1 O-O 10. Bxf5 gxf5 11. Nbd2 Ne4 12. Ng5 e6 13. Qh5 Nf6 14. Qh3 h6 15. Ngf3 Kh7 16. Ng5+ Kg6 17. Ngf3 Rg8 18. Nh4+ Kh7 19. Ndf3 Ne4 20. Nxf5 exf5 21. Qxf5+ Kh8 22. Rxe4 dxe4 23. Ng5 Qxg5 24. Bxg5 Rae8 25. Bf6 Ne7 26. Bxg7+ Kxg7 27. Qxe4 Ng6 28. Qxb7 Rb8 29. Qxa7 Rxb2 30. g3 Rc8 31. d5 Rd2 32. Qa5 Ne5 33. d6 Kf6 34. Kg2 Ng4 35. Qa6 Rxc3 36. d7+ Kg7 37. Re1 Rcc2 38. Rf1 Ne3+ 39. Kf3 Nxf1 40. Qxf1 Rxd7 41. a4 Ra2 42. Qb5 Rdd2 43. Qe5+ Kg8 44. Qe8+ Kg7 45. Qe5+ Kg8 46. Qe8+ Kg7 1/2-1/2